 Dungeon Crawl Stone Soup version 0.23.2-33-g5129a83184 (webtiles) character file.

Game seed: 4528104270235219242

80559 troglodite the Nimble (level 15, -8/157 HPs)
             Began as a Gnoll Arcane Marksman on June 27, 2019.
             Was the Champion of Hepliaklqana.
             Mangled by a shambling mangrove (20 damage)
             ... on level 3 of the Swamp on July 1, 2019.
             The game lasted 02:25:51 (38633 turns).

troglodite the Nimble (Gnoll Arcane Marksman)      Turns: 38633, Time: 02:25:52

Health: -8/157     AC: 20    Str: 16    XL:     15   Next: 67%
Magic:  29/29      EV: 18    Int: 23    God:    Hepliaklqana [******]
Gold:   980        SH: 15    Dex: 19    Spells: 14/34 levels left

rFire    . . .     SeeInvis +   h - +1 mace "Arbiter" {venom, *Rage rC+ Int+4}
rCold    + . .     Gourm    .   F - +2 buckler {rN+}
rNeg     + + +     Faith    .   n - +3 leather armour {MR+}
rPois    +         Spirit   .   V - +1 helmet {SInv}
rElec    .         Reflect  +   B - +2 ratskin cloak {+Rats rPois rN+ Str-1 Int-1 Dex+1}
rCorr    .         Harm     .   r - +2 pair of gloves
MR       +++..     Rnd*Rage +   D - +2 pair of boots {Stlth+}
Stlth    ..........             N - +6 amulet of reflection
HPRegen  0.36/turn              w - ring of positive energy
MPRegen  0.21/turn              k - ring of protection from magic

@: berserking, grasped by roots, constricted, very quick
A: distributed training, reduced essence, fangs 1, talons 1, strong nose
a: Recall Ancestor, Ancestor Identity, Transference, Idealise, Renounce
Religion, Evoke Ratskin


You were on level 3 of the Swamp.
You worshipped Hepliaklqana.
Hepliaklqana was exalted by your worship.
You were not hungry.

You visited 5 branches of the dungeon, and saw 24 of its levels.
You visited 1 bazaar.

You collected 2299 gold pieces.
You spent 1319 gold pieces at shops.

Inventory:

Hand Weapons
 a - a +3 hand crossbow
 h - the +1 mace "Arbiter" (weapon) {venom, *Rage rC+ Int+4}
   (You found it on level 4 of the Dungeon)

   It poisons the flesh of those it strikes.
   It affects your intelligence (+4).
   It protects you from cold.
   It may make you go berserk in combat.
Missiles
 d - 183 bolts
 T - 34 tomahawks (quivered)
Armour
 n - a +3 leather armour of magic resistance (worn)
 r - a +2 pair of gloves (worn)
 y - the +6 chain mail "Bour" {rPois Regen+ Str-5}
   (You bought it in a shop in a bazaar)

   It affects your strength (-5).
   It protects you from poison.
   It increases your rate of regeneration.
 B - the +2 ratskin cloak (worn) {+Rats rPois rN+ Str-1 Int-1 Dex+1}
   (You found it on level 5 of the Dungeon)

   It affects your strength (-1).
   It affects your intelligence (-1).
   It affects your dexterity (+1).
   It protects you from poison.
   It protects you from negative energy.
 D - a +2 pair of boots of stealth (worn)
 F - a +2 buckler of positive energy (worn)
 V - a +1 helmet of see invisible (worn)
Magical Staves
 Z - an uncursed staff of air
Jewellery
 b - an uncursed ring of resist corrosion
 k - a ring of protection from magic (right hand)
 u - an uncursed ring of flight
 w - a ring of positive energy (left hand)
 A - an uncursed ring of magical power
 M - the ring "Amifriro" {rPois Int-5 Dex+5 SInv Stlth+}
   (You bought it in a shop in a bazaar)

   [ring of see invisible]

   It affects your intelligence (-5).
   It affects your dexterity (+5).
   It protects you from poison.
   It lets you see invisible.
   It makes you more stealthy.
 N - a +6 amulet of reflection (around neck)
Wands
 o - a wand of polymorph (22)
 s - a wand of flame (43)
 E - a wand of acid (28)
 I - a wand of scattershot (4)
 J - a wand of iceblast (7)
 P - a wand of clouds (6)
 Q - a wand of digging (3)
 S - a wand of random effects (24)
 U - a wand of disintegration (13)
 X - a wand of enslavement (8)
 Y - a wand of paralysis (8)
Scrolls
 j - 6 scrolls of amnesia
 t - 2 scrolls of identify
 v - 3 scrolls of fear
 C - a scroll of fog
 G - a scroll of magic mapping
 H - 6 scrolls of remove curse
 K - a scroll of teleportation
 W - a scroll of blinking
Potions
 c - 3 potions of haste
 e - 4 potions of flight
 g - 2 potions of agility
 i - 5 potions of curing
 l - a potion of lignification
 m - 5 potions of brilliance
 p - 3 potions of cancellation
 q - 5 potions of heal wounds
 x - 5 potions of might
 z - 5 potions of ambrosia
Miscellaneous
 L - a sack of spiders
Comestibles
 f - 21 rations


   Skills:
 + Level 10.4 Fighting
 + Level 10.1 Short Blades
 + Level 10.1 Long Blades
 + Level 10.1 Axes
 + Level 10.1 Maces & Flails
 + Level 10.1 Polearms
 + Level 10.1 Staves
 + Level 10.1 Slings
 + Level 10.1 Bows
 + Level 11.0 Crossbows
 + Level 10.1 Throwing
 + Level 10.1 Armour
 + Level 11.0 Dodging
 + Level 10.1 Stealth
 + Level 10.1 Shields
 + Level 10.1 Unarmed Combat
 + Level 10.4 Spellcasting
 + Level 8.5 Conjurations
 + Level 10.1 Hexes
 + Level 8.5 Charms
 + Level 8.5 Summonings
 + Level 8.5 Necromancy
 + Level 8.5 Translocations
 + Level 8.5 Transmutations
 + Level 8.5 Fire Magic
 + Level 8.5 Ice Magic
 + Level 8.5 Air Magic
 + Level 8.5 Earth Magic
 + Level 8.5 Poison Magic
 + Level 10.9 Invocations
 + Level 10.1 Evocations


You had 14 spell levels left.
You knew the following spells:

 Your Spells              Type           Power        Failure   Level  Hunger
a - Corona                Hex            ######.      1%          1    None
b - Slow                  Hex            ######..     1%          2    None
c - Inner Flame           Hex/Fire       ######..     1%          3    None
d - Sting                 Conj/Pois      ####         1%          1    None
e - Venom Bolt            Conj/Pois      ######....   5%          5    ####...
f - Blink                 Tloc           N/A          1%          2    None
g - Magic Dart            Conj           ####         1%          1    None
h - Lightning Bolt        Conj/Air       ######....   5%          5    ####...

Your spell library contained the following spells:

 Spells                   Type           Power        Failure   Level  Hunger
 Call Imp                 Summ           ######..     1%          2    None
 Poisonous Vapours        Pois/Air       ######       1%          2    None
 Conjure Flame            Conj/Fire      ######..     1%          3    None
 Mephitic Cloud           Conj/Pois/Air  ######..     1%          3    None
 Portal Projectile        Hex/Tloc       ######       1%          3    None
 Static Discharge         Conj/Air       ######..     1%          3    None
 Cause Fear               Hex            ######....   1%          4    #......
 Leda's Liquefaction      Hex/Erth       ######....   1%          4    #......
 Olgreb's Toxic Radiance  Pois           ######..     1%          4    #......
 Ignition                 Fire           ######....   100%        8    #######
 Shatter                  Erth           ######....   100%        9    #######
 Tornado                  Air            ######....   100%        9    #######


Dungeon Overview and Level Annotations

Branches:
Dungeon (12/15)            Temple (1/1) D:6            Lair (6/6) D:8
  Swamp (3/4) Lair:3       Spider (0/4) Lair:2        Slime (0/5) Lair:6
    Orc (2/2) D:9             Elf (0/3) Orc:2

Altars:
Ashenzari
Cheibriados
Dithmenos
Elyvilon
Fedhas
Gozag
Hepliaklqana
Kikubaaqudgha
Makhleb
Nemelex Xobeh
Okawaru
Qazlal
Ru
Sif Muna
Trog
Uskayaw
Vehumet
Wu Jian
Xom
Yredelemnul
Zin
The Shining One

Shops:
Orc:2 !*[[

Annotations:
D:9 2 transporters, RatmanManrat's ghost, novice MiBe
Orc:1 1 runed translucent door, Jaz's ghost, journeyman HOBe


Innate Abilities, Weirdness & Mutations

Your experience applies equally to all skills.
You have very sharp teeth.
Your uncanny sense of smell can sniff out nearby items.
Your life essence is reduced to manifest your ancestor. (-10% HP)
You have sharp toenails.


Message History

The shambling mangrove is heavily damaged.
Leofsige hits the shambling mangrove with a +0 dagger of draining.
An insubstantial wisp comes into view.
You barely miss the shambling mangrove.
The shambling mangrove is severely damaged.
You block the shambling mangrove's attack.
* * * LOW HITPOINT WARNING * * *
The grasping roots constrict you.
You hit the shambling mangrove.
The shambling mangrove is severely damaged.
The hornet stings Leofsige.
The hornet barely misses Leofsige.
The hornet stings Leofsige!
An insubstantial wisp comes into view.
Leofsige hits the shambling mangrove with a +0 dagger of draining!
You sock the shambling mangrove!
The shambling mangrove looks as sick as possible!
The shambling mangrove is almost destroyed.
The hornet barely misses Leofsige.
The hornet closely misses Leofsige.
The hornet misses Leofsige.
The shambling mangrove misses you.
You die...

♣♣♣♣♣♣♣♣ ♣♣♣
≈..≈♣♣≈♣♣♣≈♣♣♣♣♣♣♣♣♣♣
≈≈≈≈..≈≈..≈§≈..≈.♣..♣♣♣
≈≈≈≈.≈≈§.≈≈≈..≈§..≈≈.≈♣
.≈≈.♣♣..≈..≈......≈≈≈.♣♣
.≈≈≈≈♣♣♣♣≈≈≈.♣..@..v.≈≈♣
.≈≈≈.♣ ♣...♣.yfR≈≈.....
≈≈≈≈♣♣ ♣♣♣♣♣.≈yyy≈.≈.v.
≈≈≈♣♣♣ ♣.≈≈≈≈.≈♣.≈.
≈≈..§♣ ?.≈≈≈....>≈v≈
....... ≈≈≈.≈≈......(≈≈
..≈≈....≈≈≈.≈≈≈....♣♣♣♣♣
♣≈≈≈..≈.≈≈♣♣♣.....♣♣ ∆
♣...<..≈. ♣♣≈.♣♣♣


You could see the friendly Leofsige the hexer, a shambling mangrove, 3 hornets,
a vampire mosquito and 3 insubstantial wisps.

Vanquished Creatures
  Rupert (Lair:4)
  A thorn hunter (Swamp:2)
  The ghost of TrebMcFLY the Severer, a journeyman HOFi of Yredelemnul (Lair:5)
  The ghost of Renad the Quickloader, a journeyman OpHu of Okawaru (Lair:5)
  Fannar (Orc:1)
  Erolcha (D:11)
  3 hydras
  A catoblepas (Lair:2)
  A two-headed ogre (D:9)
  A ghost crab (Swamp:2)
  2 shambling mangroves (Swamp:2)
  2 alligators
  Sonja (Orc:2)
  2 orc high priests
  A fire crab (Lair:6)
  A spriggan druid (Swamp:2)
  4 unseen horrors
  A swamp dragon (Swamp:1)
  Pikel (D:4)
  4 orc knights
  3 orc sorcerers
  2 oklob plants (Lair:3)
  An ugly thing (D:10)
  2 black mambas
  11 spiny frogs
  A rime drake (Lair:5)
  7 komodo dragons
  4 hornets
  6 trolls
  4 polar bears
  4 tyrant leeches
  2 bog bodies
  14 blink frogs
  6 hippogriffs
  5 slime creatures
  6 dream sheep
  A centaur simulacrum (D:10)
  A redback (Lair:2)
  A vampire (D:12)
  27 yaks
  17 spriggans
  A shadow (D:12)
  A basilisk (Lair:3)
  Eustachio (D:5)
  2 humans
  8 vampire mosquitoes
  4 hogs (D:10)
  4 wargs
  2 swamp worms
  5 porcupines
  3 water moccasins
  3 ice beasts
  6 swamp drakes
  A sky beast (D:9)
  3 black bears
  3 boggarts (Lair:6)
  21 orc warriors
  2 phantoms
  16 ogres
  17 wolves
  4 centaurs
  7 crocodiles
  Blork the orc (D:5)
  11 bullfrogs
  A big kobold (D:7)
  3 scorpions
  13 killer bees
  8 wights
  An electric eel (Lair:6)
  5 howler monkeys
  4 crimson imps
  A bullfrog zombie (D:5)
  A quasit (D:5)
  8 hounds
  A jelly (D:9)
  Crazy Yiuf (D:5)
  16 orc priests
  2 centaur skeletons
  31 orc wizards
  Terence (D:3)
  2 bullfrog skeletons
  A gnoll shaman (Orc:2)
  Ijyb (D:5)
  A hell rat (D:5)
  6 worker ants
  A hound skeleton (D:8)
  A hound zombie (D:5)
  A howler monkey zombie (D:5)
  4 gnolls
  A worker ant zombie (D:5)
  13 adders
  6 river rats (D:5)
  5 shadow imps
  A white imp (D:10)
  A howler monkey simulacrum (D:10)
  An ooze (D:3)
  4 adder skeletons
  3 worms (D:3)
  2 dart slugs
  7 leopard geckos
  58 orcs
  12 bats
  5 giant cockroaches
  9 goblins
  16 hobgoblins
  12 jackals
  7 quokkas
  2 ball pythons
  5 frilled lizards
  A jackal zombie (D:6)
  12 kobolds
  A leopard gecko skeleton (D:5)
  A quokka skeleton (D:7)
  A quokka zombie (D:9)
  21 rats
  A fungus (Lair:6)
  A plant (Lair:4)
606 creatures vanquished.

Vanquished Creatures (collateral kills)
  4 hydras
  2 alligators (Swamp:1)
  An orc high priest (Orc:2)
  A swamp dragon (Swamp:1)
  2 orc knights (Orc:2)
  An orc sorcerer (Orc:1)
  A centaur zombie (D:11)
  A black mamba (Lair:3)
  6 spiny frogs
  A rime drake (Lair:5)
  2 komodo dragons
  2 tyrant leeches (Swamp:1)
  The ghost of buskinjo the Gouger, a novice FeTm of Ashenzari (D:8)
  9 blink frogs
  5 hornets
  A bog body (Swamp:1)
  A dream sheep (Lair:4)
  3 hippogriffs
  3 slime creatures (Swamp:2)
  A shadow (Swamp:3)
  5 spriggans
  A yak (Lair:1)
  A wyvern (D:10)
  2 basilisks (Lair:4)
  3 vampire mosquitoes
  A hungry ghost (D:12)
  An insubstantial wisp (Swamp:3)
  2 swamp worms
  4 water moccasins
  2 porcupines
  A swamp drake (Swamp:1)
  2 black bears (Lair:6)
  4 orc warriors
  An eye of draining (D:11)
  2 ice beasts
  2 ogres (D:8)
  2 sky beasts
  7 wolves
  A boggart (Lair:6)
  3 crocodiles
  A bullfrog (Lair:3)
  3 killer bees (D:9)
  A jelly (D:7)
  A hound (D:7)
  A bullfrog skeleton (D:7)
  5 orc priests
  7 orc wizards
  A worker ant zombie (D:9)
  4 gnolls (Orc:2)
  A shadow imp (D:9)
  A worker ant simulacrum (D:10)
  2 ufetubi (D:10)
  An adder skeleton (D:9)
  A leopard gecko (D:6)
  18 orcs
  2 quokkas
  A giant cockroach zombie (D:6)
  A quokka zombie (D:7)
  2 fungi
149 creatures vanquished.

Vanquished Creatures (others)
  A hornet (Lair:6)
  20 hexers
  A white imp (D:10)
  3 briar patches (Swamp:2)
  11 fungi
  10 plants
46 creatures vanquished.

Grand Total: 801 creatures vanquished

Notes
Turn   | Place    | Note
-------+----------+-------------------------------------------
     0 | D:1      | troglodite the Gnoll Arcane Marksman began the quest for
                  | the Orb.
     0 | D:1      | Reached XP level 1. HP: 17/17 MP: 4/4
   327 | D:1      | Reached XP level 2. HP: 23/23 MP: 5/5
   331 | D:1      | Learned a level 2 spell: Slow
   966 | D:1      | Reached XP level 3. HP: 28/28 MP: 7/7
  1369 | D:2      | Reached skill level 1 in Invocations
  1645 | D:2      | Reached skill level 1 in Short Blades
  1645 | D:2      | Reached skill level 1 in Long Blades
  1645 | D:2      | Reached skill level 1 in Axes
  1645 | D:2      | Reached skill level 1 in Maces & Flails
  1645 | D:2      | Reached skill level 1 in Polearms
  1645 | D:2      | Reached skill level 1 in Staves
  1645 | D:2      | Reached skill level 1 in Slings
  1645 | D:2      | Reached skill level 1 in Bows
  1645 | D:2      | Reached skill level 1 in Throwing
  1645 | D:2      | Reached skill level 1 in Armour
  1645 | D:2      | Reached skill level 1 in Stealth
  1645 | D:2      | Reached skill level 1 in Shields
  1645 | D:2      | Reached skill level 1 in Unarmed Combat
  1645 | D:2      | Reached skill level 1 in Evocations
  1645 | D:2      | Reached XP level 4. HP: 25/34 MP: 8/8
  1807 | D:2      | Learned a level 3 spell: Inner Flame
  2528 | D:3      | Reached skill level 1 in Conjurations
  2528 | D:3      | Reached skill level 1 in Charms
  2528 | D:3      | Reached skill level 1 in Summonings
  2528 | D:3      | Reached skill level 1 in Necromancy
  2528 | D:3      | Reached skill level 1 in Translocations
  2528 | D:3      | Reached skill level 1 in Transmutations
  2528 | D:3      | Reached skill level 1 in Fire Magic
  2528 | D:3      | Reached skill level 1 in Ice Magic
  2528 | D:3      | Reached skill level 1 in Air Magic
  2528 | D:3      | Reached skill level 1 in Earth Magic
  2528 | D:3      | Reached skill level 1 in Poison Magic
  2720 | D:3      | Noticed Terence
  2777 | D:3      | Killed Terence
  2777 | D:3      | Reached XP level 5. HP: 19/40 MP: 7/9
  3842 | D:3      | Noticed a phantom
  4042 | D:3      | Found a snail-covered altar of Cheibriados.
  4687 | D:4      | Got a fine mace
  4688 | D:4      | Identified the cursed +1 mace "Arbiter" {venom, *Rage rC+
                  | Int+4} (You found it on level 4 of the Dungeon)
  4743 | D:4      | Noticed an ogre
  4749 | D:4      | Noticed an ogre
  4752 | D:4      | Killed an ogre
  4752 | D:4      | Reached XP level 6. HP: 40/47 MP: 9/11
  4788 | D:4      | Reached skill level 5 in Crossbows
  4788 | D:4      | Reached skill level 5 in Dodging
  5067 | D:4      | Noticed a slave
  5067 | D:4      | Noticed a slave
  5068 | D:4      | Noticed Pikel
  5068 | D:4      | Noticed a slave
  5083 | D:4      | Killed Pikel
  5083 | D:4      | Reached XP level 7. HP: 27/53 MP: 11/13
  5083 | D:4      | Reached XP level 8. HP: 30/60 MP: 11/14
  5515 | D:5      | Entered Level 5 of the Dungeon
  5516 | D:5      | Noticed Ijyb
  6016 | D:5      | Found a runed translucent door.
  6017 | D:5      | Noticed Crazy Yiuf
  6026 | D:5      | Killed Crazy Yiuf
  6540 | D:5      | Found a shadowy altar of Dithmenos.
  6645 | D:5      | Found an opulent altar of Gozag.
  6659 | D:5      | Noticed Eustachio
  7420 | D:5      | Found the +2 ratskin cloak {+Rats rPois rN+ Str-1 Int-1
                  | Dex+1}
  7568 | D:5      | Killed Eustachio
  7658 | D:5      | Killed Ijyb
  7776 | D:5      | Noticed Blork the orc
  7784 | D:5      | Killed Blork the orc
  7895 | D:5      | Reached XP level 9. HP: 66/66 MP: 16/16
  8383 | D:6      | Reached skill level 5 in Spellcasting
  8741 | D:6      | Found a staircase to the Ecumenical Temple.
  8754 | D:6      | Reached skill level 5 in Fighting
  8793 | Temple   | Entered the Ecumenical Temple
  9036 | Temple   | Became a worshipper of Hepliaklqana the Forgotten
  9633 | D:6      | Found a glowing golden altar of the Shining One.
  9634 | D:6      | Found a glowing silver altar of Zin.
  9770 | D:7      | Reached * piety under Hepliaklqana
  9991 | D:7      | Reached skill level 5 in Invocations
 10312 | D:8      | Reached XP level 10. HP: 66/66 MP: 18/18
 10577 | D:8      | Found a runed translucent door.
 10578 | D:8      | Noticed buskinjo's ghost (novice FeTm)
 11119 | D:8      | Reached skill level 5 in Short Blades
 11119 | D:8      | Reached skill level 5 in Long Blades
 11119 | D:8      | Reached skill level 5 in Axes
 11119 | D:8      | Reached skill level 5 in Maces & Flails
 11119 | D:8      | Reached skill level 5 in Polearms
 11119 | D:8      | Reached skill level 5 in Staves
 11119 | D:8      | Reached skill level 5 in Slings
 11119 | D:8      | Reached skill level 5 in Bows
 11119 | D:8      | Reached skill level 5 in Throwing
 11119 | D:8      | Reached skill level 5 in Armour
 11119 | D:8      | Reached skill level 5 in Stealth
 11119 | D:8      | Reached skill level 5 in Shields
 11119 | D:8      | Reached skill level 5 in Unarmed Combat
 11119 | D:8      | Reached skill level 5 in Evocations
 11181 | D:8      | Found a staircase to the Lair.
 11330 | D:8      | Reached ** piety under Hepliaklqana
 11331 | D:8      | Remembered your ancestor Leofsige as a hexer
 11489 | D:8      | Killed buskinjo's ghost
 11631 | D:9      | Noticed a two-headed ogre
 11634 | D:9      | Killed an unseen horror
 11641 | D:9      | Killed a two-headed ogre
 12155 | D:9      | Found a staircase to the Orcish Mines.
 12316 | D:9      | Noticed RatmanManrat's ghost (novice MiBe)
 12324 | D:9      | Found a transporter.
 12346 | D:9      | Reached XP level 11. HP: 73/73 MP: 20/20
 12402 | D:9      | Found a transporter.
 12919 | D:10     | Entered Level 10 of the Dungeon
 13478 | D:10     | Reached skill level 5 in Conjurations
 13478 | D:10     | Reached skill level 5 in Charms
 13478 | D:10     | Reached skill level 5 in Summonings
 13478 | D:10     | Reached skill level 5 in Necromancy
 13478 | D:10     | Reached skill level 5 in Translocations
 13478 | D:10     | Reached skill level 5 in Transmutations
 13478 | D:10     | Reached skill level 5 in Fire Magic
 13478 | D:10     | Reached skill level 5 in Ice Magic
 13478 | D:10     | Reached skill level 5 in Air Magic
 13478 | D:10     | Reached skill level 5 in Earth Magic
 13478 | D:10     | Reached skill level 5 in Poison Magic
 13723 | D:10     | Noticed a green ugly thing
 13740 | D:10     | Killed a green ugly thing
 14168 | D:10     | Reached *** piety under Hepliaklqana
 14554 | D:10     | Learned a level 1 spell: Sting
 14560 | D:10     | Learned a level 5 spell: Venom Bolt
 14914 | D:11     | Noticed Erolcha
 14930 | D:11     | HP: 1/74 [Erolcha/crystal spear (22)]
 14939 | D:11     | Killed Erolcha
 15810 | D:11     | Learned a level 2 spell: Blink
 15812 | D:11     | Learned a level 1 spell: Magic Dart
 16210 | D:12     | Killed an unseen horror
 16220 | D:12     | Found a flickering gateway to a bazaar.
 16314 | Bazaar   | Entered a bazaar
 16316 | Bazaar   | Found Seumpoplorr's Distillery.
 16320 | Bazaar   | Found Dube's Antique Armour Boutique.
 16320 | Bazaar   | Found Siq Muih's Jewellery Boutique.
 16320 | Bazaar   | Found Malifarr's Jewellery Boutique.
 16377 | Bazaar   | Bought a bloodstained chain mail for 161 gold pieces
 16391 | Bazaar   | Bought 2 potions of heal wounds for 130 gold pieces
 16391 | Bazaar   | Bought a potion of heal wounds for 65 gold pieces
 16415 | Bazaar   | Bought the ring "Amifriro" {rPois Int-5 Dex+5 SInv Stlth+}
                  | for 319 gold pieces
 16425 | Bazaar   | Identified the +6 chain mail "Bour" {rPois Regen+ Str-5}
                  | (You bought it in a shop in a bazaar)
 16580 | D:12     | Reached XP level 12. HP: 81/81 MP: 23/23
 16641 | D:12     | Reached **** piety under Hepliaklqana
 17951 | Orc:1    | Entered Level 1 of the Orcish Mines
 18628 | Orc:2    | Entered Level 2 of the Orcish Mines
 20057 | Orc:2    | Noticed Sonja
 20268 | Orc:2    | Killed Sonja
 20527 | Orc:1    | Found a runed translucent door.
 20533 | Orc:1    | Noticed Jaz's ghost (journeyman HOBe)
 20687 | Orc:2    | Found a staircase to the Elven Halls.
 20738 | Orc:1    | Reached ***** piety under Hepliaklqana
 20738 | Orc:1    | Found a bloodstained altar of Trog.
 20738 | Orc:1    | Noticed Fannar
 20763 | Orc:1    | Killed Fannar
 21771 | Orc:2    | Noticed an orc high priest
 21823 | Orc:1    | Noticed a sun demon
 21823 | Orc:1    | Killed an orc high priest
 21823 | Orc:1    | Reached XP level 13. HP: 62/88 MP: 25/25
 22944 | Orc:2    | Found Folam's Antique Armour Shop.
 22950 | Orc:2    | Found Ywkyreemi's Distillery.
 22958 | Orc:2    | Found Tibuiq's General Store.
 22960 | Orc:2    | Found Docsegut's Armour Shop.
 23013 | Orc:2    | Bought a glowing helmet for 217 gold pieces
 23021 | Orc:2    | Bought 2 potions of heal wounds for 100 gold pieces
 23021 | Orc:2    | Bought a potion of curing for 30 gold pieces
 23187 | Lair:1   | Entered Level 1 of the Lair of Beasts
 23311 | Lair:1   | Identified a scroll of acquirement
 23971 | Lair:2   | Found a hole to the Spider Nest.
 24009 | Lair:2   | You fall through a shaft for 2 floors!
 24195 | Lair:4   | Noticed Rupert
 25703 | Lair:3   | Found a staircase to the Swamp.
 26855 | Lair:3   | Reached XP level 14. HP: 90/97 MP: 27/27
 27123 | Lair:4   | Paralysed by Rupert for 5 turns
 27695 | Lair:4   | Paralysed by Rupert for 5 turns
 27701 | Lair:4   | Paralysed by Rupert for 4 turns
 27708 | Lair:4   | Killed Rupert
 27708 | Lair:4   | Reached skill level 10 in Crossbows
 27708 | Lair:4   | Reached skill level 10 in Dodging
 28419 | Lair:5   | Found a runed translucent gate.
 28419 | Lair:5   | Found a runed translucent gate.
 29861 | Lair:5   | Found a runed translucent gate.
 29864 | Lair:5   | Noticed TrebMcFLY's ghost (journeyman HOFi)
 29864 | Lair:5   | Noticed Renad's ghost (journeyman OpHu)
 30174 | Lair:5   | Killed TrebMcFLY's ghost
 30281 | Lair:5   | Killed Renad's ghost
 30281 | Lair:5   | Reached skill level 10 in Invocations
 30614 | Lair:6   | Entered Level 6 of the Lair of Beasts
 30614 | Lair:6   | Reached ****** piety under Hepliaklqana
 30991 | Lair:6   | Gained mutation: You have sharp toenails. [potion of
                  | mutation]
 30991 | Lair:6   | Gained mutation: You have a pair of small antennae on your
                  | head. [potion of mutation]
 31172 | Lair:6   | Got a faintly glowing quarterstaff
 31182 | Lair:6   | Identified the +6 quarterstaff "Quyroc" {antimagic, rC+
                  | Int+4 Dex+5} (You found it on level 6 of the Lair of
                  | Beasts)
 31424 | Lair:6   | Found a staircase to the Slime Pits.
 32607 | Lair:6   | Reached XP level 15. HP: 102/103 MP: 28/28
 32848 | Lair:6   | Reached skill level 10 in Spellcasting
 33389 | Orc:2    | Bought a potion of mutation for 80 gold pieces
 33389 | Orc:2    | Lost mutation: You have a pair of small antennae on your
                  | head. [potion of mutation]
 33389 | Orc:2    | Lost mutation: You have sharp toenails. [potion of
                  | mutation]
 33389 | Orc:2    | Gained mutation: You evolve. [potion of mutation]
 33389 | Orc:2    | Gained mutation: You are agile. (Dex +2) [potion of
                  | mutation]
 33389 | Orc:2    | Gained mutation: You have sharp toenails. [potion of
                  | mutation]
 33416 | Orc:2    | Bought a pair of runed boots for 217 gold pieces
 33464 | Orc:2    | Learned a level 5 spell: Lightning Bolt
 33571 | Swamp:1  | Entered Level 1 of the Swamp
 33703 | Swamp:1  | Reached skill level 10 in Fighting
 36071 | Swamp:2  | Reached skill level 10 in Hexes
 37042 | Swamp:2  | Noticed a thorn hunter
 37070 | Swamp:2  | Killed a thorn hunter
 37070 | Swamp:2  | Reached skill level 10 in Short Blades
 37070 | Swamp:2  | Reached skill level 10 in Long Blades
 37070 | Swamp:2  | Reached skill level 10 in Axes
 37070 | Swamp:2  | Reached skill level 10 in Maces & Flails
 37070 | Swamp:2  | Reached skill level 10 in Polearms
 37070 | Swamp:2  | Reached skill level 10 in Staves
 37070 | Swamp:2  | Reached skill level 10 in Slings
 37070 | Swamp:2  | Reached skill level 10 in Bows
 37070 | Swamp:2  | Reached skill level 10 in Throwing
 37070 | Swamp:2  | Reached skill level 10 in Armour
 37070 | Swamp:2  | Reached skill level 10 in Stealth
 37070 | Swamp:2  | Reached skill level 10 in Shields
 37070 | Swamp:2  | Reached skill level 10 in Unarmed Combat
 37070 | Swamp:2  | Reached skill level 10 in Evocations
 37448 | Swamp:2  | Lost mutation: You are agile. (Dex +2) [evolution]
 37448 | Swamp:2  | Lost mutation: You evolve. [end of evolution]
 38633 | Swamp:3  | Mangled by a shambling mangrove

Skill      XL: |  1  2  3  4  5  6  7  8  9 10 11 12 13 14 15 |
---------------+----------------------------------------------+-----
Invocations    | 1 2 3 4 5 6 7 8 9 10 | 10.9
Short Blades   | 1 2 3 4 5 6 7 8 9 10 | 10.1
Long Blades    | 1 2 3 4 5 6 7 8 9 10 | 10.1
Axes           | 1 2 3 4 5 6 7 8 9 10 | 10.1
Maces & Flails | 1 2 3 4 5 6 7 8 9 10 | 10.1
Polearms       | 1 2 3 4 5 6 7 8 9 10 | 10.1
Staves         | 1 2 3 4 5 6 7 8 9 10 | 10.1
Slings         | 1 2 3 4 5 6 7 8 9 10 | 10.1
Bows           | 1 2 3 4 5 6 7 8 9 10 | 10.1
Throwing       | 1 2 3 4 5 6 7 8 9 10 | 10.1
Armour         | 1 2 3 4 5 6 7 8 9 10 | 10.1
Stealth        | 1 2 3 4 5 6 7 8 9 10 | 10.1
Shields        | 1 2 3 4 5 6 7 8 9 10 | 10.1
Unarmed Combat | 1 2 3 4 5 6 7 8 9 10 | 10.1
Evocations     | 1 2 3 4 5 6 7 8 9 10 | 10.1
Spellcasting   | 3 4 5 6 7 8 9 10 | 10.4
Conjurations   | 1 2 3 4 5 6 7 8 |  8.5
Charms         | 1 2 3 4 5 6 7 8 |  8.5
Summonings     | 1 2 3 4 5 6 7 8 |  8.5
Necromancy     | 1 2 3 4 5 6 7 8 |  8.5
Translocations | 1 2 3 4 5 6 7 8 |  8.5
Transmutations | 1 2 3 4 5 6 7 8 |  8.5
Fire Magic     | 1 2 3 4 5 6 7 8 |  8.5
Ice Magic      | 1 2 3 4 5 6 7 8 |  8.5
Air Magic      | 1 2 3 4 5 6 7 8 |  8.5
Earth Magic    | 1 2 3 4 5 6 7 8 |  8.5
Poison Magic   | 1 2 3 4 5 6 7 8 |  8.5
Fighting       | 3 4 5 6 7 8 9 10 | 10.4
Crossbows      | 5 6 7 8 9 10 11 | 11.0
Dodging        | 5 6 7 8 9 10 11 | 11.0
Hexes          | 6 7 8 9 10 | 10.1

Action                   |  1- 3 |  4- 6 |  7- 9 | 10-12 | 13-15 || total
-------------------------+-------+-------+-------+-------+-------++-------
Melee: Dagger            |       |   118 |       |       |       ||   118
       Bite              |       |    22 |    65 |   144 |   279 ||   510
       Mace              |       |    33 |   463 |  1083 |  1582 ||  3161
       Punch             |       |     1 |       |       |       ||     1
       Staff             |       |       |       |       |    66 ||    66
       Quarterstaff      |       |       |       |       |    22 ||    22
 Fire: Hand crossbow     |    89 |    78 |       |       |   107 ||   274
Throw: Tomahawk          |       |       |       |       |     6 ||     6
 Cast: Corona            |     1 |     4 |       |       |       ||     5
       Lightning Bolt    |       |       |       |       |     5 ||     5
Invok: Ancestor Life: He |       |       |       |     1 |       ||     1
       Recall Ancestor   |       |       |       |     4 |     7 ||    11
 Abil: Evoke Ratskin     |       |       |       |     1 |     1 ||     2
Evoke: Wand              |       |       |       |       |    15 ||    15
       Sack of spiders   |       |       |       |       |     1 ||     1
  Use: Scroll            |       |       |    13 |     9 |    11 ||    33
       Potion            |       |       |       |     4 |    14 ||    18
 Stab: Sleeping          |       |       |     9 |     9 |    10 ||    28
       Distracted        |       |       |     3 |    19 |    28 ||    50
       Confused          |       |       |       |    14 |    32 ||    46
       Paralysed         |       |       |       |       |    26 ||    26
  Eat: Chunk             |     2 |    11 |    18 |    30 |    22 ||    83
       Ration            |       |       |       |     3 |    11 ||    14
Armor: Ring mail         |    14 |    42 |   107 |       |       ||   163
       Leather armour    |       |       |    68 |   186 |   104 ||   358
       Chain mail        |       |       |       |   275 |   630 ||   905
       Skin              |       |       |       |       |     1 ||     1
Dodge: Dodged            |    34 |    98 |   320 |   525 |   569 ||  1546
Block: Buckler           |       |       |   287 |   637 |  1137 ||  2061
       Reflection        |       |       |     3 |    17 |     7 ||    27
       Shield            |       |       |       |   228 |    94 ||   322
       Other             |       |       |       |       |     9 ||     9
